Map: [ESL] Radhuset Station

Players

Oliveira - Winner!

  • Race: Terran Terran
  • Spawn Location: 7:00

Harstem

  • Race: Protoss Protoss
  • Spawn Location: 1:00

Event: ESL SC2 Masters 2023 Winter (Finals)

VOD

Have the link to the VOD?

Description

Time

  • Played on: Dec. 16, 2023, 11:23 a.m.
  • Length: 22:48

All games in this series

Show
View Real Time Build Order
Export as new Build Order

Oliveira Terran - Winner!

Build Orders: Reaper Expand 

Get SALT Encoding   

  12  0:00  SCV  
  13  0:12  SCV  
  14  0:17  Supply Depot  
  14  0:24  SCV  
  15  0:39  SCV  
  15  0:40  Barracks  
  16  0:46  Refinery  
  16  0:51  SCV  
  17  1:03  SCV  
  18  1:15  SCV  
  19  1:28  Orbital Command  
  19  1:29  Reaper  
  20  1:41  Command Center  
  20  1:55  Barracks  
  20  1:57  SCV  
  21  2:03  Barracks Reactor  
  21  2:09  SCV  
  21  2:13  Supply Depot  
  22  2:21  SCV  
  22  2:22  Refinery  
  23  2:25  Factory  
  23  2:35  SCV  
  24  2:39  Marine  
  24  2:40  Marine  
  24  2:42  Barracks Tech Lab  
  26  2:47  SCV  
  27  2:55  Orbital Command  
  27  2:57  Marine x2  
  29  2:59  SCV  
  29  3:04  Stimpack  
  30  3:07  Marine  
  30  3:11  SCV  
  32  3:18  Marine  
  32  3:19  Starport  
  33  3:21  SCV  
  33  3:26  Marine, SCV  
  36  3:28  Factory Reactor  
  36  3:30  Marine  
  36  3:33  SCV  
  38  3:37  Supply Depot  
  38  3:38  Marine  
  39  3:44  Marine  
  39  3:45  SCV  
  39  3:46  SCV  
  39  3:47  Marine  
  43  3:56  Marine  
  43  3:57  SCV  
  43  3:59  Supply Depot  
  43  4:01  SCV  
  43  4:02  Marine  
  46  4:05  Marine  
  46  4:10  Medivac x2  
  46  4:11  Factory Tech Lab, SCV  
  46  4:13  SCV  
  46  4:15  Marine  
  53  4:19  Engineering Bay  
  53  4:23  SCV  
  53  4:24  Marine  
  55  4:25  SCV  
  55  4:27  Marine  
  57  4:32  Supply Depot  
  57  4:33  Marine  
  57  4:35  SCV  
  57  4:37  SCV  
  60  4:40  Siege Tank  
  62  4:47  Missile Turret  
  62  4:49  Missile Turret  
  62  4:52  Barracks  
  62  4:54  SCV  
  62  4:55  Supply Depot  
  62  4:57  Terran Infantry Weapons Level 1  
  62  4:59  SCV  
  64  5:01  Marine  
  64  5:05  Refinery  
  64  5:06  SCV  
  65  5:08  Marine  
  65  5:11  SCV  
  65  5:12  Combat Shield, Marine  
  68  5:19  Marine, SCV  
  67  5:26  Marine  
  66  5:30  Marine, SCV  
  66  5:33  Siege Tank  
  66  5:34  SCV  
  70  5:37  Marine, Refinery  
  70  5:38  Supply Depot  
  70  5:39  Marine x2  
  70  5:42  SCV  
  74  5:43  Marine  
  74  5:44  Medivac  
  74  5:46  SCV  
  78  5:51  Supply Depot  
  78  5:53  Supply Depot  
  78  5:59  Marine x4  
  78  6:00  SCV  
  83  6:07  Marine  
  80  6:16  Starport Reactor  
  80  6:17  Marine  
  79  6:23  SCV  
  80  6:26  SCV  
  80  6:28  Supply Depot  
  80  6:30  Command Center  
  80  6:36  Marauder x2  
  80  6:38  Marine x2, Widow Mine x2  
  88  6:41  Concussive Shells  
  88  6:46  SCV  
  84  6:55  Marine  
  84  6:56  Marine  
  84  6:58  Medivac x2  
  84  6:59  SCV x2  
  92  7:03  Barracks  
  92  7:04  Barracks, Marauder  
  92  7:05  Marauder  
  95  7:08  Terran Infantry Armor Level 1  
  95  7:11  SCV  
  95  7:12  SCV  
  97  7:17  Marine x2  
  97  7:21  Armory  
  98  7:23  SCV  
  98  7:25  Widow Mine  
  98  7:26  SCV  
  102  7:30  Engineering Bay  
  102  7:32  Marauder  
  102  7:36  Marine  
  103  7:37  Marauder, Marine  
  103  7:40  SCV  
  103  7:42  Missile Turret  
  103  7:43  SCV  
  109  7:47  Widow Mine x2  
  113  7:52  SCV  
  113  7:53  Marine  
  113  7:54  Orbital Command  
  113  7:55  SCV  
  113  7:56  Barracks Tech Lab  
  113  7:57  Barracks Reactor  
  116  7:59  Marauder  
  116  8:01  Marine  
  116  8:02  Marine  
  116  8:04  SCV  
  121  8:09  Supply Depot  
  121  8:12  Supply Depot  
  121  8:15  Marauder  
  122  8:20  Marine  
  122  8:21  Marauder  
  125  8:28  Terran Infantry Weapons Level 2  
  125  8:29  SCV, Marine  
  125  8:31  Widow Mine x2, Marauder, SCV  
  132  8:34  Supply Depot  
  132  8:37  Viking  
  132  8:38  Viking  
  132  8:40  SCV  
  135  8:41  Marauder, Marine  
  140  8:55  Marauder x2  
  140  8:59  Command Center  
  140  9:01  SCV  
  140  9:02  SCV x2  
  143  9:03  Refinery  
  143  9:04  Refinery  
  143  9:05  Supply Depot, Ghost Academy  
  143  9:09  Viking x2  
  145  9:12  Marauder  
  148  9:25  Missile Turret  
  148  9:26  SCV x2  
  148  9:30  Supply Depot  
  150  9:31  SCV  
  150  9:32  Supply Depot  
  150  9:35  Ghost  
  150  9:36  Ghost x2  
  150  9:37  Terran Infantry Armor Level 2  
  153  9:39  SCV x2, Medivac  
  157  9:52  Viking, Barracks  
  159  9:53  Barracks  
  159  9:56  Barracks  
  159  9:57  SCV  
  159  9:59  Marine x2  
  161  10:00  SCV x2  
  161  10:06  Sensor Tower, Ghost  
  165  10:08  Ghost, Missile Turret  
  165  10:09  Viking  
  165  10:10  Ghost  
  170  10:14  Planetary Fortress  
  170  10:17  SCV  
  170  10:19  SCV  
  171  10:23  Marine  
  171  10:24  SCV  
  171  10:28  Bunker, Viking  
  173  10:31  Widow Mine  
  173  10:32  Widow Mine  
  173  10:33  Terran Ship Weapons Level 1  
  173  10:35  Marine x2  
  182  10:36  Marauder  
  182  10:37  Supply Depot  
  182  10:40  Missile Turret, Marauder  
  182  10:41  Barracks Reactor, Barracks Tech Lab  
  184  10:43  Barracks Tech Lab  
  184  10:45  Marauder  
  186  10:51  Missile Turret  
  186  10:54  Missile Turret  
  186  10:55  Marine x2  
  186  10:56  Missile Turret  
  188  10:58  Marine  
  188  10:59  Marauder  
  188  11:00  Terran Infantry Weapons Level 3  
  191  11:09  Marauder x2  
  195  11:17  Marine x2  
  196  11:23  Marauder  
  196  11:28  Marine  
  196  11:30  Medivac x2  
  196  11:36  Command Center, Refinery  
  196  11:37  Refinery  
  193  11:48  Ghost  
  193  11:51  Missile Turret  
  193  11:53  Fusion Core  
  194  11:55  SCV  
  194  11:58  Starport  
  194  11:59  SCV  
  196  12:03  Supply Depot  
  196  12:05  Sensor Tower  
  196  12:06  Terran Infantry Armor Level 3  
  196  12:08  Command Center  
  196  12:10  Command Center  
  196  12:17  Personal Cloaking  
  196  12:24  Liberator  
  196  12:25  SCV  
  196  12:29  Ghost  
  196  12:34  Caduceus Reactor  
  198  12:39  Terran Ship Weapons Level 2  
  198  12:43  Starport Reactor  
  194  13:07  Ghost  
  196  13:16  Liberator  
  189  13:20  Liberator x2  
  185  13:27  Liberator  
  183  13:34  Marine  
  183  13:36  Marine  
  183  13:37  Marauder, Marine  
  185  13:43  Nuke  
  185  13:45  Marine  
  185  13:47  Widow Mine x2  
  185  13:51  Ghost  
  185  13:54  Marine  
  182  13:58  Marine x2  
  182  13:59  Orbital Command x2, Liberator  
  182  14:00  Planetary Fortress  
  177  14:04  Command Center  
  177  14:05  Ghost  
  177  14:06  Marauder x3, Marine x3  
  177  14:07  Command Center  
  188  14:13  Medivac  
  188  14:14  Medivac  
  191  14:20  Marauder  
  191  14:22  Neosteel Armor  
  193  14:27  Missile Turret  
  193  14:32  Marauder, Marine x2  
  193  14:34  Medivac  
  199  14:41  Refinery x2  
  196  14:45  Marine  
  196  14:46  Marauder, Marine  
  200  15:09  Advanced Ballistics  
  200  15:10  Terran Ship Weapons Level 3  
  198  15:19  Marine x2  
  194  15:33  Marine  
  194  15:34  Viking x2, Marauder, Marine  
  184  15:38  Marine  
  184  15:39  Viking x2  
  184  15:40  Ghost, Widow Mine x2  
  176  15:43  Marine  
  176  15:44  Ghost, Marine  
  176  15:45  Marine  
  176  15:48  Missile Turret  
  176  15:49  Missile Turret x2  
  170  15:50  Missile Turret x2  
  170  15:51  Missile Turret, Marine x2  
  170  15:52  Nuke  
  170  15:54  Orbital Command  
  170  15:55  Missile Turret  
  170  15:56  Ghost  
  168  15:57  Marine x2  
  168  16:01  Marine  
  168  16:02  Hi-Sec Auto Tracking  
  168  16:06  Viking x2  
  168  16:07  Widow Mine x2  
  168  16:09  Marauder x2  
  180  16:11  Marine  
  180  16:12  Marine  
  180  16:13  Viking  
  180  16:14  Viking  
  186  16:24  Marine  
  184  16:27  Marine  
  184  16:29  Marine  
  184  16:36  Marine x2  
  184  16:37  Viking  
  187  16:42  Marine  
  176  16:48  Marine x2  
  176  16:49  Marauder  
  176  16:50  Viking x2  
  177  16:54  Viking  
  178  17:04  Marine  
  178  17:06  SCV  
  167  17:20  Marine x2  
  167  17:21  Marauder  
  131  17:31  Marine  
  131  17:36  Marine  
  108  17:39  Marine x3  
  108  17:40  Marauder x2  
  108  17:43  SCV x2  
  116  17:47  SCV  
  116  17:49  Orbital Command  
  116  17:50  Marauder  
  111  17:52  Orbital Command  
  111  17:53  Marauder x2  
  111  17:55  SCV  
  111  17:58  SCV  
  115  18:01  Ghost  
  116  18:07  SCV x2  
  116  18:12  Planetary Fortress  
  118  18:18  Orbital Command  
  118  18:20  Ghost  
  118  18:24  Ghost  
  118  18:26  SCV  
  124  18:28  SCV  
  124  18:29  SCV  
  124  18:33  SCV, Marauder  
  124  18:34  SCV  
  130  18:40  Marauder x2  
  133  18:42  Marine x2  
  133  18:43  Marine  
  133  18:47  SCV x2  
  138  18:48  Liberator x2  
  138  18:49  Marauder  
  138  18:54  Marauder x2, Marine  
  151  18:55  SCV  
  151  18:56  SCV  
  151  19:00  Ghost, Marine x2  
  151  19:02  Marauder  
  155  19:11  SCV  
  155  19:12  Marauder  
  155  19:15  Marauder, Marine x2  
  160  19:19  Liberator x2  
  160  19:20  Widow Mine  
  160  19:21  Widow Mine  
  168  19:26  Marauder  
  168  19:28  Terran Vehicle And Ship Armor Level 1  
  170  19:36  Marauder, Marine x2  
  170  19:40  Liberator x2  
  170  19:42  Marauder x2  
  181  19:53  Marine x3, Marauder x2  
  181  19:58  Marauder  
  149  20:14  Marine x2  
  149  20:15  Marine x2, Marauder  
  149  20:16  Marauder  
  149  20:19  Marine x2, Medivac  
  149  20:20  Marauder  
  149  20:21  Marauder, Marine  
  151  20:23  SCV  
  151  20:25  SCV  
  151  20:26  Orbital Command  
  152  20:32  Marine x2  
  152  20:35  Ghost  
  152  20:36  Marine  
  152  20:37  Marauder  
  152  20:40  Medivac x2  
  152  20:41  Widow Mine  
  144  20:48  Marine  
  144  20:49  Marauder, Marine x3  
  136  20:50  Marine  
  136  20:52  Marauder  
  137  20:59  Ghost  
  137  21:01  Marine  
  137  21:03  SCV  
  141  21:06  SCV  
  141  21:10  SCV  
  142  21:16  SCV x2  
  142  21:17  Ghost  
  144  21:21  Ghost  
  144  21:27  Marine x2  
  144  21:28  Marauder  
  144  21:32  Liberator  
  150  21:35  Marine  
  150  21:39  Marine x2  
  148  21:40  Marauder  
  148  21:43  Marauder, Marine  
  148  21:45  Marine  
  145  21:49  Marine x2  
  145  21:50  Marine, Marauder  
  145  21:52  Marine  
  144  21:55  SCV  
  144  21:57  Marine  
  143  22:01  Marauder  
  143  22:02  Missile Turret  
  143  22:03  Liberator  
  143  22:05  SCV x2, Marauder  
  146  22:10  Marauder  
  146  22:11  SCV x2  
  149  22:18  SCV  
  149  22:19  Marauder x2  
  153  22:29  Marine x2  
  144  22:34  SCV x2  
Show
View Real Time Build Order
Export as new Build Order

Harstem Protoss 

Build Orders: 1 Gate Expand, Oracle Opening, Carriers 

Get SALT Encoding   

  12  0:00  Probe  
  13  0:12  Probe  
  14  0:17  Pylon  
  14  0:24  Probe (Chrono Boost)  
  15  0:36  Gateway, Probe (Chrono Boost)  
  16  0:44  Probe (Chrono Boost)  
  16  0:46  Assimilator  
  17  0:52  Probe  
  18  1:04  Probe  
  19  1:20  Nexus  
  19  1:28  Cybernetics Core  
  19  1:31  Probe  
  20  1:37  Assimilator  
  20  1:44  Probe  
  21  1:48  Pylon  
  21  1:56  Probe  
  22  2:03  Adept (Chrono Boost)  
  22  2:08  Probe  
  25  2:19  Stargate  
  25  2:20  Probe  
  26  2:24  Adept (Chrono Boost)  
  28  2:32  Probe (Chrono Boost)  
  28  2:35  Probe (Chrono Boost)  
  28  2:36  Warp Gate  
  31  2:44  Probe (Chrono Boost)  
  31  2:48  Probe (Chrono Boost)  
  31  2:49  Probe (Chrono Boost)  
  35  2:56  Probe  
  34  2:58  Probe  
  34  3:03  Oracle (Chrono Boost)  
  38  3:08  Probe  
  38  3:10  Probe  
  39  3:20  Probe  
  39  3:23  Probe  
  41  3:28  Nexus  
  41  3:31  Pylon  
  41  3:32  Probe  
  42  3:35  Oracle (Chrono Boost)  
  45  3:43  Probe  
  46  3:49  Gateway  
  46  3:50  Probe  
  48  3:55  Twilight Council, Probe  
  48  4:02  Probe  
  49  4:06  Gateway  
  49  4:07  Probe  
  50  4:12  Assimilator  
  50  4:14  Probe  
  50  4:16  Pylon  
  51  4:19  Probe  
  51  4:23  Blink (Chrono Boost)  
  52  4:25  Assimilator  
  52  4:26  Probe  
  53  4:31  Pylon  
  53  4:32  Probe  
  53  4:38  Probe  
  55  4:42  Stalker  
  55  4:44  Shield Battery  
  57  4:46  Stalker  
  57  4:47  Probe  
  57  4:49  Probe  
  62  4:52  Probe  
  62  4:54  Shield Battery  
  63  5:00  Probe  
  63  5:01  Probe  
  63  5:02  Shield Battery, Stalker  
  66  5:08  Stalker  
  66  5:09  Stalker  
  66  5:11  Probe  
  71  5:15  Probe  
  71  5:16  Probe  
  71  5:25  Probe  
  67  5:28  Stalker  
  67  5:35  Stalker x2  
  71  5:36  Probe  
  71  5:37  Robotics Facility, Probe  
  71  5:38  Probe  
  74  5:48  Probe  
  74  5:49  Probe  
  76  5:50  Pylon  
  76  5:52  Stalker  
  79  5:58  Stalker x2  
  79  6:00  Forge  
  82  6:08  Charge (Chrono Boost)  
  82  6:09  Probe  
  82  6:10  Probe  
  82  6:11  Probe  
  85  6:16  Stalker  
  85  6:21  Probe  
  85  6:22  Probe, Stalker x2  
  91  6:25  Pylon  
  91  6:27  Robotics Bay  
  91  6:32  Protoss Ground Weapons Level 1 (Chrono Boost)  
  91  6:35  Probe  
  91  6:38  Probe  
  93  6:41  Gateway  
  93  6:46  Gateway  
  93  6:48  Probe  
  93  6:50  Probe  
  93  6:54  Stalker x3  
  101  6:55  Shield Battery  
  101  7:06  Gateway, Pylon  
  101  7:08  Gateway  
  101  7:09  Pylon x2  
  101  7:17  Pylon  
  101  7:24  Probe x2, Colossus  
  101  7:27  Probe  
  110  7:32  Extended Thermal Lance (Chrono Boost)  
  110  7:36  Sentry, Probe, Stalker x2  
  117  7:41  Gateway  
  117  7:42  Nexus  
  117  7:44  Pylon  
  117  7:49  Photon Cannon  
  117  7:50  Probe  
  118  7:56  Probe, Forge  
  118  7:57  Sentry, Zealot, Pylon  
  118  7:58  Probe  
  124  8:06  Protoss Ground Weapons Level 2 (Chrono Boost)  
  124  8:07  Probe  
  124  8:08  Zealot  
  124  8:10  Pylon  
  127  8:19  Probe  
  125  8:20  Zealot x6  
  137  8:30  Pylon, Stalker  
  139  8:40  Zealot x7  
  153  8:42  Photon Cannon, Protoss Ground Armor Level 1 (Chrono Boost)  
  153  8:48  Warp Prism (Chrono Boost)  
  153  8:53  Pylon  
  155  9:03  Dark Shrine, Probe  
  155  9:05  Gateway  
  155  9:07  Colossus  
  155  9:09  Gateway  
  156  9:15  Probe  
  157  9:20  Probe  
  164  9:24  Gravitic Drive (Chrono Boost)  
  164  9:25  Zealot x4  
  164  9:27  Probe  
  174  9:38  Probe  
  174  9:41  Nexus  
  174  9:43  Pylon  
  174  9:45  Fleet Beacon  
  174  9:47  Stargate  
  174  9:49  Robotics Facility, Pylon  
  174  9:50  Assimilator  
  174  9:52  Assimilator  
  174  10:00  Probe  
  174  10:02  Probe  
  174  10:03  Disruptor (Chrono Boost)  
  180  10:11  Probe  
  181  10:15  Protoss Air Weapons Level 1 (Chrono Boost)  
  181  10:17  Probe  
  181  10:18  Protoss Ground Armor Level 2 (Chrono Boost), Probe  
  181  10:19  Probe  
  182  10:22  Assimilator  
  182  10:24  Assimilator, Probe  
  182  10:28  Photon Cannon  
  183  10:30  Photon Cannon, Protoss Ground Weapons Level 3  
  183  10:33  Photon Cannon  
  183  10:34  Disruptor (Chrono Boost)  
  183  10:35  Pylon  
  183  10:39  Shield Battery  
  183  10:41  Probe  
  188  10:45  Probe  
  188  10:48  Photon Cannon  
  188  10:49  Disruptor (Chrono Boost)  
  193  10:50  Photon Cannon  
  193  10:52  Photon Cannon x2  
  193  10:53  Shield Battery  
  193  10:59  Pylon  
  193  11:10  Disruptor  
  185  11:38  Zealot x7  
  199  11:43  Disruptor (Chrono Boost)  
  189  11:49  Probe x2  
  189  11:52  Disruptor (Chrono Boost), Photon Cannon  
  187  11:55  Photon Cannon  
  187  11:57  Photon Cannon  
  187  12:01  Cybernetics Core  
  187  12:08  Stargate, Pylon  
  187  12:11  Pylon  
  187  12:12  Disruptor  
  187  12:14  Nexus, Robotics Facility, Assimilator  
  179  12:16  Pylon  
  179  12:17  Protoss Air Weapons Level 2 (Chrono Boost), Assimilator  
  179  12:24  Photon Cannon  
  179  12:26  Photon Cannon  
  179  12:28  Photon Cannon  
  179  12:29  Shield Battery  
  179  12:30  Pylon  
  179  12:34  Photon Cannon  
  179  12:43  Carrier (Chrono Boost), Protoss Ground Armor Level 3  
  179  12:48  Protoss Air Armor Level 1 (Chrono Boost)  
  189  12:52  Stalker  
  189  12:53  Carrier (Chrono Boost), Stalker x2  
  189  12:54  Stalker x2  
  195  13:05  Photon Cannon  
  195  13:08  Photon Cannon  
  195  13:09  Pylon  
  195  13:12  Probe  
  196  13:16  Photon Cannon  
  196  13:17  Photon Cannon, Stalker x2  
  196  13:28  Zealot x2  
  189  13:34  Stalker x3  
  189  13:35  Stalker x3  
  176  13:50  Carrier (Chrono Boost), Stalker x4  
  190  13:58  Disruptor  
  190  14:00  Carrier x2 (Chrono Boost)  
  190  14:04  Assimilator  
  190  14:06  Pylon  
  190  14:12  Assimilator  
  190  14:13  Probe (Chrono Boost)  
  190  14:16  Assimilator  
  195  14:29  Mothership (Chrono Boost)  
  196  14:31  Probe (Chrono Boost)  
  196  14:35  Stalker x2  
  198  14:54  Observer (Chrono Boost)  
  198  14:55  Nexus  
  198  14:57  Pylon  
  198  15:01  Observer (Chrono Boost)  
  195  15:08  Photon Cannon  
  195  15:10  Photon Cannon, Pylon  
  199  15:15  Photon Cannon  
  199  15:20  Carrier (Chrono Boost)  
  180  15:35  Carrier (Chrono Boost)  
  180  15:41  Zealot x2  
  180  15:42  Zealot, Stalker  
  180  15:53  Probe  
  179  16:00  Sentry, Stalker x2  
  183  16:10  Probe x3  
  186  16:12  Templar Archives  
  186  16:17  Stalker  
  180  16:53  High Templar x4  
  180  16:54  Carrier (Chrono Boost), High Templar x2  
  196  17:00  Archon x2  
  198  17:04  Probe  
  198  17:06  Photon Cannon  
  198  17:08  Photon Cannon, Archon  
  199  17:13  Protoss Air Weapons Level 3 (Chrono Boost)  
  189  17:21  Disruptor  
  118  17:51  Probe (Chrono Boost)  
  118  17:52  Probe (Chrono Boost)  
  118  17:55  Probe (Chrono Boost)  
  118  17:57  Probe x2 (Chrono Boost)  
  122  17:59  Disruptor (Chrono Boost)  
  122  18:01  Probe x2 (Chrono Boost)  
  122  18:04  Probe (Chrono Boost)  
  119  18:05  Disruptor (Chrono Boost)  
  119  18:06  Stalker x4  
  119  18:07  Stalker x4  
  135  18:13  Probe  
  135  18:17  Observer  
  136  18:20  Stalker x2  
  140  18:31  Stalker x4  
  152  18:36  Disruptor (Chrono Boost)  
  152  18:48  Disruptor (Chrono Boost)  
  151  18:53  Sentry  
  157  19:01  Nexus  
  161  19:12  Disruptor (Chrono Boost)  
  161  19:14  Disruptor (Chrono Boost)  
  163  19:22  Zealot x6, Stalker  
  163  19:23  Stalker x2  
  179  19:41  Disruptor  
  183  19:48  Stalker x6  
  183  19:58  Probe x4  
  183  19:59  Pylon  
  147  20:15  Disruptor (Chrono Boost)  
  147  20:19  Zealot x7  
  135  20:23  Disruptor (Chrono Boost)  
  133  20:32  Zealot x3  
  139  20:41  Dark Templar, Zealot x5  
  121  20:52  Disruptor  
  121  20:54  Dark Templar, Zealot x3  
  123  21:02  Disruptor  
  120  21:12  Stalker x2  
  120  21:29  Nexus  
  112  21:40  Zealot x4  
  112  21:45  Stalker x5  
  112  21:50  Stalker  
  111  22:07  Probe  
  112  22:11  Stalker x3  
  112  22:12  Stalker x2  
  121  22:16  Dark Templar  
  120  22:29  Stalker x4  
  114  22:36  Zealot x2, Stalker x2  
Tags
 
Add a new tag
Caveats
  • Supply blocks, unpowered buildings, or Contaminate may cause inaccurate times.
  • Supply counts are checked every 10 seconds.